 Dungeon Crawl Stone Soup version 0.13.0-6-g40e4d2d (webtiles) character file.

702 Malachi the Grave Robber (level 7, -6/55 HPs)
             Began as a Naga Necromancer on Oct 15, 2013.
             Mangled by a gnoll
             ... wielding a +0,+0 halberd
              (10 damage)
             ... on Level 4 of the Dungeon.
             The game lasted 00:13:16 (3710 turns).

Malachi the Grave Robber (Naga Necromancer)         Turns: 3710, Time: 00:13:16

HP  -6/55        AC  3     Str 11      XL: 7   Next: 31%
MP   4/15        EV 10     Int 17      God:
Gold 144         SH  0     Dex 11      Spells:  5 memorised,  1 level left

Res.Fire  : . . .   See Invis. : +   h - +1,+2 dagger (distort)
Res.Cold  : . . .   Warding    : .   u - +0 robe
Life Prot.: . . .   Conserve   : .   (no shield)
Res.Poison: +       Res.Corr.  : .   (no helmet)
Res.Elec. : .       Clarity    : .   (no cloak)
Sust.Abil.: . .     Spirit.Shd : .   (no gloves)
Res.Mut.  : .       Stasis     : .   (no barding)
Res.Rott. : .       Flight     : .   (no amulet)
Saprovore : . . .                    (no ring)
                                     (no ring)

@: very slow, somewhat resistant to hostile enchantments, fairly stealthy
A: spit poison, see invisible, deformed body, poison resistance, slowness 2, AC
+2
a: Spit Poison


You were on level 4 of the Dungeon.
You were hungry.

You visited 1 branch of the dungeon, and saw 5 of its levels.

You collected 124 gold pieces.

Inventory:

Hand weapons
 h - a +1,+2 dagger of distortion (weapon)
 l - a +4 blowgun
 t - a cursed +0,+0 scythe
Missiles
 q - 14 poisoned needles
Armour
 a - a +0 robe
 u - a +0 robe (worn)
Magical devices
 r - a wand of polymorph (6)
Comestibles
 c - 3 bread rations
 g - a meat ration
 j - a chunk of kobold flesh
 v - a rotting chunk of adder flesh
 w - a rotting chunk of hound flesh
Scrolls
 e - 2 scrolls of identify
 f - 2 scrolls of recharging {unknown}
 i - 3 scrolls of remove curse
 m - a scroll of curse armour {unknown}
 n - a scroll of random uselessness {unknown}
 o - a scroll of enchant weapon I {unknown}
Jewellery
 p - an uncursed ring of see invisible {unknown}
Potions
 d - a potion of speed
 k - 2 potions of curing
Books
 b - a book of Necromancy

   Spells                             Type                      Level
   *Pain                              Necromancy                   1
   *Animate Skeleton                  Necromancy                   1
   Lethal Infusion                    Charms/Necromancy            2
   *Vampiric Draining                 Necromancy                   3
   *Regeneration                      Charms/Necromancy            3
   *Animate Dead                      Necromancy                   4
   Control Undead                     Necromancy                   4


   Skills:
 - Level 0.2 Fighting
 - Level 1.5 Dodging
 - Level 3.0 Stealth
 + Level 3.9 Spellcasting
 * Level 7.4 Necromancy


You had one spell level left.
You knew the following spells:

 Your Spells              Type           Power        Failure   Level  Hunger
a - Pain                  Necr           ####         1%          1    None
b - Vampiric Draining     Necr           ####......   2%          3    ###....
c - Animate Skeleton      Necr           N/A          1%          1    None
d - Animate Dead          Necr           N/A          10%         4    ####...
e - Regeneration          Chrm/Necr      ###.......   12%         3    ###....


Dungeon Overview and Level Annotations

Branches:
Dungeon (5/27)
 Temple: D:4-7

Altars:
Makhleb

Shops:
D:4 /


Innate Abilities, Weirdness & Mutations

You cannot wear boots.
You can spit poison.
Your serpentine skin is tough (AC +2).
You have supernaturally acute eyesight.
Armour fits poorly on your strangely shaped body.
Your system is resistant to poisons.
You cover ground very slowly.


Message History

Evoke which item? (* to show all) (? for menu, Esc to quit)
Zapping:
r - a curved iron wand {zapped: 2} {tried by monster}
Press: ? - help, Shift-Dir - straight line, f/p - gnoll
Aim: a gnoll, wielding a spear (lightly wounded)
The gnoll evaporates and reforms as a sheep!
r - a wand of polymorph {zapped: 3} Your goblin zombie hits the sheep but does no damage.
The gnoll hits you from afar with a halberd!
The sheep bites you.
Your goblin zombie hits the sheep.
Your rat zombie barely misses the gnoll.
The gnoll barely misses you. The sheep misses you.
Your goblin zombie closely misses the sheep.
Your rat zombie barely misses the gnoll.
The gnoll hits you from afar with a halberd!
* * * LOW HITPOINT WARNING * * *
There is a stone staircase leading up, spattered with blood here.
Your rat zombie bites the gnoll.
The sheep bites you.
* * * LOW HITPOINT WARNING * * *
The gnoll hits you from afar with a halberd!
You die...

#.........# #.........#
#.........# #.........#
#.........# #(........#
#.........#
########(........#########
...)((..>.......@Y).......
..)#......#......)z.......
...#......#.......g......g
...##....##........z......
...##....##...............
....##..##...............
.... #..##...............
##.. ####........########
##.. ##........#


You could see a sheep, a gnoll, a friendly rat zombie and a friendly goblin
zombie.

Vanquished Creatures
  2 ogres
  A hound (D:4)
  An iron imp (D:3)
  2 worker ants (D:4)
  5 adders
  4 gnolls (D:4)
  A giant mite (D:3)
  2 worms
  2 oozes
  An orc (D:3)
  8 bats
  2 giant cockroaches
  5 goblins
  7 hobgoblins
  5 jackals
  11 kobolds
  A ball python (D:1)
  2 giant geckos (D:1)
  3 giant newts
  A quokka (D:3)
  7 rats
73 creatures vanquished.

Vanquished Creatures (collateral kills)
  Sigmund (D:3)
  An ogre skeleton (D:4)
  2 bats
  2 goblins
  A giant newt (D:2)
  A rat (D:4)
8 creatures vanquished.

Vanquished Creatures (others)
  A crimson imp (D:3)
  2 hound skeletons (D:4)
  A worm (D:3)
  3 adder skeletons
  A bat (D:3)
  2 bat skeletons
  A quokka (D:3)
  A giant gecko skeleton (D:1)
  A giant newt skeleton (D:3)
  A gnoll skeleton (D:4)
  3 goblin skeletons
  A hobgoblin skeleton (D:3)
  A hobgoblin zombie (D:4)
  5 kobold skeletons
  A kobold zombie (D:4)
  An orc skeleton (D:3)
  2 rat skeletons
28 creatures vanquished.

Grand Total: 109 creatures vanquished

Notes
Turn   | Place    | Note
--------------------------------------------------------------
     0 | D:1      | Malachi, the Naga Necromancer, began the quest for the Orb.
     0 | D:1      | Reached XP level 1. HP: 15/15 MP: 3/3
   308 | D:1      | Learned a level 1 spell: Animate Skeleton
   331 | D:1      | Reached XP level 2. HP: 19/22 MP: 2/4
   619 | D:1      | Reached XP level 3. HP: 17/28 MP: 5/5
  1337 | D:2      | Reached skill level 5 in Necromancy
  1408 | D:2      | Reached XP level 4. HP: 21/36 MP: 7/7
  1867 | D:3      | Learned a level 3 spell: Vampiric Draining
  2153 | D:3      | Noticed an ogre
  2475 | D:3      | Found a burning altar of Makhleb.
  2526 | D:3      | Reached XP level 5. HP: 42/42 MP: 7/9
  2683 | D:3      | Killed an ogre
  2683 | D:3      | Reached skill level 6 in Necromancy
  3011 | D:3      | Reached XP level 6. HP: 32/49 MP: 12/12
  3116 | D:4      | Found Cish's Magical Wand Boutique.
  3116 | D:4      | Noticed Sigmund
  3122 | D:3      | Killed Sigmund
  3377 | D:4      | Reached skill level 7 in Necromancy
  3385 | D:5      | Entered Level 5 of the Dungeon
  3484 | D:4      | Reached XP level 7. HP: 46/55 MP: 8/15
  3561 | D:4      | Learned a level 4 spell: Animate Dead
  3565 | D:4      | Learned a level 3 spell: Regeneration
  3710 | D:4      | Mangled by a gnoll

Action                   |  1- 3 |  4- 6 |  7- 9 || total
-------------------------+-------+-------+-------++-------
Melee: Unarmed           |     4 |       |       ||     4
       Dagger            |    82 |    65 |     5 ||   152
 Cast: Pain              |     7 |    36 |    12 ||    55
       Animate Skeleton  |    15 |    12 |     1 ||    28
       Vampiric Draining |       |     6 |     3 ||     9
       Animate Dead      |       |       |     3 ||     3
 Abil: Spit Poison       |     1 |       |       ||     1
Evoke: Wand              |       |       |     1 ||     1
  Use: Scroll            |     2 |     2 |       ||     4
       Potion            |       |     1 |       ||     1
 Stab: Sleeping          |     5 |     3 |       ||     8
